 Dungeon Crawl Stone Soup version 0.19.0-2-gae57169 (webtiles) character file.

362 Letos the Slasher (level 6, -14/47 HPs)
             Began as a Formicid Fighter on Nov 3, 2016.
             Was a Follower of Zin.
             Demolished by an ogre
             ... wielding a +0 giant club
              (15 damage)
             ... on level 4 of the Dungeon.
             The game lasted 00:04:03 (3401 turns).

Letos the Slasher (Formicid Fighter)                Turns: 3401, Time: 00:04:04

Health: -14/47     AC:  8    Str: 22    XL:     6   Next: 99%
Magic:  6/6        EV:  8    Int:  8    God:    Zin [*.....]
Gold:   189        SH:  9    Dex: 10    Spells: 0 memorised, 5 levels left

rFire  . . .     SeeInvis +     a - +0 long sword
rCold  . . .     Gourm    .     b - +0 scale mail
rNeg   + . .     Faith    .     c - +0 shield
rPois  .         Spirit   .     (helmet unavailable)
rElec  .         Reflect  .     m - +0 cloak
rCorr  .         Harm     .     (no gloves)
MR     .....                    (no boots)
Stlth  ..........               (no amulet)
                                j - ring of positive energy
                                h - ring of loudness (curse)

@: no status effects
A: permanent stasis, dig shafts and tunnels, four strong arms, antennae 3
a: Dig, Shaft Self, Recite, Donate Gold, Renounce Religion


You were on level 4 of the Dungeon.
You worshipped Zin.
Zin was aware of your devotion.
You were not hungry.

You visited 1 branch of the dungeon, and saw 4 of its levels.

You collected 210 gold pieces.
You donated 21 gold pieces to Zin.

Inventory:

Hand Weapons
 a - a +0 long sword (weapon)
Armour
 b - a +0 scale mail (worn)
 c - a +0 shield (worn)
 m - a +0 cloak (worn)
Jewellery
 h - a cursed ring of loudness (left hand)
 j - a ring of positive energy (right hand)
Wands
 e - a wand of digging (10/24)
 t - a wand of disintegration (13/24)
Scrolls
 i - a scroll of magic mapping
 o - 5 scrolls of identify
 u - 3 scrolls of remove curse {unknown}
Potions
 d - a potion of might
 g - a potion of ambrosia {unknown}
 l - a potion of flight {unknown}
 n - 2 potions of cancellation
 p - 2 potions of invisibility
 q - a potion of heal wounds {unknown}
 r - a potion of beneficial mutation {unknown}
 v - a potion of lignification {unknown}
Comestibles
 f - 3 bread rations
 k - 3 meat rations


   Skills:
 - Level 3.2 Fighting
 * Level 6.9 Long Blades
 - Level 3.2 Armour
 - Level 3.6 Shields


You had 5 spell levels left.
You didn't know any spells.

Dungeon Overview and Level Annotations

Branches:
Dungeon (4/15)
 Temple: D:4-7

Altars:
Makhleb
Zin


Innate Abilities, Weirdness & Mutations

You are under a permanent stasis effect.
You can dig through walls and to a lower floor.
Your four strong arms can wield two-handed weapons with a shield.
You have a pair of large antennae on your head. (SInv)


Message History

The hound bites you but does no damage. You block the hound's attack.
You closely miss the hound.
The hound is almost dead.
The hound bites you but does no damage. You block the hound's attack.
You hit the hound.
You kill the hound!
You block the ogre's attack.
You barely miss the ogre. You hit the ogre.
The ogre is lightly wounded.
The ogre hits you with a giant club!
You barely miss the ogre.
The ogre is lightly wounded.
The ogre hits you with a giant club!!
* * * LOW HITPOINT WARNING * * *
You are too injured to fight recklessly!
You hit the ogre.
The ogre is lightly wounded.
The ogre hits you with a giant club!
You die...

#.#.# #.#
##.#.######.#.# #.
#.................
#.........### ..#
#...#......###.####.
######.#....#.......
#.#.##.......$.
#.#.##.#......#
#.#.@O........#
#.####..#..... #.#
#..# ### #.# #..#
#.# #$.# #..# ...#
#.## #.#


You could see an ogre.

Vanquished Creatures
  A hound (D:4)
  2 orc priests (D:3)
  Terence (D:1)
  2 orc wizards (D:3)
  2 worker ants (D:4)
  4 adders
  A worm (D:2)
  5 leopard geckos
  6 orcs (D:3)
  2 ball pythons
  9 bats
  5 giant cockroaches
  12 goblins
  6 hobgoblins
  15 jackals
  6 frilled lizards
  12 kobolds
  12 rats
103 creatures vanquished.

Notes
Turn   | Place    | Note
-------+----------+-------------------------------------------
     0 | D:1      | Letos the Formicid Fighter began the quest for the Orb.
     0 | D:1      | Reached XP level 1. HP: 18/18 MP: 1/1
    40 | D:1      | Reached XP level 2. HP: 12/24 MP: 2/2
   436 | D:1      | Reached skill level 3 in Long Blades
   509 | D:1      | Reached XP level 3. HP: 25/29 MP: 3/3
   892 | D:2      | Noticed Terence
   923 | D:1      | Killed Terence
   923 | D:1      | Reached skill level 4 in Long Blades
   923 | D:1      | Reached XP level 4. HP: 13/35 MP: 4/4
  1376 | D:2      | Reached XP level 5. HP: 40/41 MP: 5/5
  1393 | D:2      | Found a faded altar of an unknown god.
  1659 | D:2      | Reached skill level 5 in Long Blades
  1764 | D:2      | Found a faded altar of an unknown god.
  1764 | D:2      | Found a burning altar of Makhleb.
  1769 | D:2      | Found a faded altar of an unknown god.
  1771 | D:2      | Found a faded altar of an unknown god.
  1773 | D:2      | Found a faded altar of an unknown god.
  2630 | D:3      | Reached XP level 6. HP: 26/47 MP: 6/6
  2645 | D:3      | Reached skill level 6 in Long Blades
  3127 | D:4      | Found a glowing silver altar of Zin.
  3217 | D:4      | Became a worshipper of Zin the Law-Giver
  3217 | D:4      | Reached * piety under Zin
  3378 | D:4      | Noticed an ogre
  3400 | D:4      | HP: 1/47 [ogre/giant club (19)]
  3401 | D:4      | Demolished by an ogre

Skill      XL: |  1  2  3  4  5  6 |
---------------+-------------------+-----
Long Blades    | 3 4 5 6 |  6.9
Fighting       | |  3.2
Armour         | |  3.2
Shields        | |  3.6

Action                   |  1- 3 |  4- 6 || total
-------------------------+-------+-------++-------
Melee: Long sword        |   107 |   309 ||   416
 Abil: Dig               |       |     2 ||     2
  Use: Scroll            |     5 |     2 ||     7
  Eat: Chunk             |       |     9 ||     9
Armor: Scale mail        |    42 |   136 ||   178
Dodge: Dodged            |    28 |    75 ||   103
Block: Shield            |    49 |   151 ||   200
       Rpst.: Long sword |    11 |    20 ||    31
